 Dungeon Crawl Stone Soup version 0.29-a0-598-gd8304a5bf4 (console) character file.

Game seed: 3013746202503136621

2608 om the Nimble (level 9, -6/132 HPs)
             Began as a Troll Berserker on June 15, 2022.
             Was a Priest of Trog.
             Mangled by a manticore (18 damage)
             ... on level 7 of the Dungeon.
             The game lasted 00:14:27 (7001 turns).

om the Nimble (Troll Berserker)                     Turns: 7001, Time: 00:14:27

Health: -6/132     AC:  5    Str: 27    XL:     9   Next: 33%
Magic:  8/8        EV: 12    Int:  5    God:    Trog [***...]
Gold:   350        SH:  0    Dex: 11    Spells: 8/8 levels left

rFire   . . .      SeeInvis .   C - +2 flail (venom)
rCold   . . .      Faith    .   (no shield)
rNeg    + . .      Spirit   .   b - +1 animal skin
rPois   .          Reflect  .   (helmet restricted)
rElec   .          Harm     .   (no cloak)
rCorr   .          Rampage  .   (gloves unavailable)
Will    ++...                   (boots unavailable)
Stlth   ..........              (no amulet)
HPRegen 2.12/turn               z - ring of positive energy
MPRegen 0.11/turn               (no ring)

@: berserking, strong-willed, spiked, regenerating, very quick
A: large, unfitting armour, claws 3, regeneration 1, shaggy fur 1, tough skin 1
a: Renounce Religion, Berserk, Trog's Hand


You were on level 7 of the Dungeon.
You worshipped Trog.
Trog was most pleased with you.
You visited 1 branch of the dungeon, and saw 7 of its levels.
You also visited: Ossuary.

You collected 372 gold pieces.
You spent 22 gold pieces at shops.

Inventory:

Hand Weapons
 a - a +0 mace
 y - a +0 giant club
 C - a +2 flail of venom (weapon)
Armour
 b - a +1 animal skin (worn)
Jewellery
 g - a ring of fire
 z - a ring of positive energy (left claw)
Wands
 k - a wand of charming (12)
 A - a wand of flame (20)
 D - a wand of polymorph (7)
Scrolls
 c - 2 scrolls of immolation
 d - 6 scrolls of teleportation
 e - 2 scrolls of blinking
 f - 3 scrolls of vulnerability
 l - a scroll of enchant weapon
 p - a scroll of enchant armour
 s - 4 scrolls of magic mapping
 u - a scroll of brand weapon {unknown}
 w - a scroll of summoning {unknown}
 x - 2 scrolls of fear {unknown}
 B - a scroll of amnesia
 E - a scroll of silence {unknown}
Potions
 h - 2 potions of flight
 i - 2 potions of curing
 j - 2 potions of attraction {unknown}
 m - a potion of mutation {unknown}
 n - 3 potions of brilliance
 o - a potion of might
 q - a potion of degeneration {unknown}
 r - 2 potions of lignification
 t - 2 potions of magic
 v - 2 potions of haste {unknown}


   Skills:
 - Level 5.0 Fighting
 * Level 7.3 Maces & Flails
 - Level 8.0 Dodging


You had 8 spell levels left.
You didn't know any spells.
Your spell library was empty.

Dungeon Overview and Level Annotations

Branches:
Dungeon (7/15)             Temple (0/1) D:6         Ossuary (visited)

Altars:
Hepliaklqana
Makhleb
Nemelex Xobeh
Uskayaw
Vehumet
Wu Jian
Zin
The Shining One

Shops:
D:3 *   D:5 [

Annotations:
D:7 1 runed translucent door


Innate Abilities, Weirdness & Mutations

You are too large for most types of armour.
You have claws for hands.
Your natural rate of healing is unusually fast.
You are covered in fur. (AC +1)
You have tough skin. (AC +1)


Message History

A green ugly thing comes into view.
The troll shouts!
The barbs in your skin will harm you if you move.
Continue?
Okay, then.
The green ugly thing gurgles horribly!
The manticore flicks its tail.
The volley of spikes hits you!!
The barbed spikes become lodged in your body.
You fail to use your ability.
The manticore flicks its tail.
The volley of spikes hits you!!
The barbed spikes become lodged in your body.
You hear a roar!
The barbs in your skin will harm you if you move.
Continue?
The barbed spikes dig painfully into your body as you move.
The barbed spikes dig painfully into your body as you move.
The barbed spikes dig painfully into your body as you move.
* * * LOW HITPOINT WARNING * * *
Your skin crawls.
You feel strong-willed.
The barbed spikes dig painfully into your body as you move.
* * * LOW HITPOINT WARNING * * *
A red film seems to cover your vision as you go berserk!
You feel yourself moving faster!
You feel mighty!
You can no longer call in reinforcements.
The manticore closely misses you. The manticore claws you.
The manticore claws you but does no damage.
You sock the manticore!
The manticore is moderately wounded.
The manticore bites you!!
* * * LOW HITPOINT WARNING * * *
The manticore claws you.
* * * LOW HITPOINT WARNING * * *
The manticore claws you.
* * * LOW HITPOINT WARNING * * *
You hear a roar!
You sock the manticore!
The manticore is poisoned.
The manticore is moderately wounded.
The manticore bites you!!
You die...

##.....#,,,,,,,,,##.##..#...#* ##
#......##*,,8,,**#...#.......###.
....##..###u8W####...##..........
....###.###.TO#*#.#+#.#....[....*
#..## #..###u####.#.#.##.......#*
...# #..###H#*#.##.##.#.......#
...# #...##.###.#...#.##......#
...# #...##.##.##...##.#..#...##
...# ##...#.##.#[....#.##..<....
(..## ##...#.#.#######.#.#...#...
....###..[.##.#H@.....##.#.......
............#.T.####..##.##.....?
............#####,...##...#.....#
..###...>....#..,.#..##...##....#
.####...##.).##.#*####.....#..[..
.# #......>...#..*..##.....##..[.
.###...#......##.#.*#.......#.†##
)##..###..##...#...##.......##.##
....## #.#####.##.##.........#.##
##.## ##.# #..#.##)........#.##
###.###.## #..#.#.#########..##


You could see a manticore (poisoned) and a troll.

Vanquished Creatures
  A vampire (D:7)
  A steam dragon (D:7)
  A vampire mosquito (D:7)
  A water moccasin (D:7)
  A sky beast (D:7)
  A black bear (D:5)
  2 ice beasts (D:6)
  2 phantoms
  3 necrophages
  A gnoll sergeant (D:6)
  2 elf skeletons (D:4)
  3 scorpions
  A jelly (D:6)
  4 human zombies
  A centaur zombie (Ossuary)
  4 hounds
  5 orc priests
  2 iguanas
  6 orc wizards
  2 mummies (Ossuary)
  Robin (D:2)
  11 gnolls
  11 adders
  3 shadow imps
  A white imp (D:7)
  2 ufetubi
  2 adder zombies (Ossuary)
  20 orcs
  4 bats
  7 endoplasms
  4 giant cockroaches (D:1)
  11 goblins
  3 hobgoblins
  12 jackals
  2 quokkas
  4 ball pythons
  A goblin zombie (Ossuary)
  9 hobgoblin zombies (Ossuary)
  A jackal zombie (Ossuary)
  9 kobolds
  11 kobold zombies (Ossuary)
  An orc skeleton (D:4)
  10 orc zombies
  5 rats
  A rat zombie (Ossuary)
190 creatures vanquished.

Vanquished Creatures (collateral kills)
  A goblin (D:2)
  A hobgoblin (D:2)
2 creatures vanquished.

Grand Total: 192 creatures vanquished

Notes
Turn   | Place    | Note
-------+----------+-------------------------------------------
     0 | D:1      | om the Troll Berserker began the quest for the Orb.
     0 | D:1      | Reached XP level 1. HP: 22/22 MP: 0/0
    95 | D:1      | Reached XP level 2. HP: 29/29 MP: 1/1
   641 | D:2      | Reached XP level 3. HP: 35/36 MP: 2/2
   652 | D:2      | You fall into a shaft and drop 1 floor!
   814 | D:3      | Noticed a phantom
   824 | D:3      | Killed a phantom
   825 | D:3      | Reached skill level 3 in Dodging
   825 | D:3      | Reached XP level 4. HP: 45/45 MP: 3/3
   888 | D:3      | Reached XP level 5. HP: 53/53 MP: 4/4
   963 | D:3      | Found Cuex's General Store.
   971 | D:3      | Bought a scroll of identify for 22 gold pieces
  1144 | D:2      | Found a faded altar of an unknown god.
  1283 | D:2      | Noticed Robin
  1285 | D:2      | Reached ** piety under Trog
  1355 | D:2      | Killed Robin
  1396 | D:2      | Noticed a phantom
  1410 | D:2      | Killed a phantom
  1411 | D:2      | Reached skill level 5 in Maces & Flails
  1411 | D:2      | Reached XP level 6. HP: 61/61 MP: 5/5
  2462 | D:4      | Reached XP level 7. HP: 52/68 MP: 6/6
  2466 | D:4      | Found a sand-covered staircase.
  2484 | Ossuary  | Entered an ossuary
  2596 | Ossuary  | Reached *** piety under Trog
  2651 | Ossuary  | Reached skill level 4 in Dodging
  2862 | D:4      | Found an ornate altar of the Wu Jian Council.
  3329 | D:5      | Entered Level 5 of the Dungeon
  3852 | D:5      | Found a radiant altar of Vehumet.
  3857 | D:5      | Found a hazy altar of Hepliaklqana.
  3857 | D:5      | Found a glowing golden altar of the Shining One.
  3858 | D:5      | Found a sparkling altar of Nemelex Xobeh.
  3859 | D:5      | Found a burning altar of Makhleb.
  3859 | D:5      | Found a hide-covered altar of Uskayaw.
  3883 | D:5      | Found a glowing silver altar of Zin.
  3999 | D:5      | Found Xyowaptu's Antique Armour Shoppe.
  4021 | D:5      | Reached XP level 8. HP: 66/79 MP: 7/7
  4567 | D:6      | Reached **** piety under Trog
  4690 | D:6      | Reached skill level 5 in Fighting
  4803 | D:6      | Reached skill level 5 in Dodging
  4817 | D:6      | Found a staircase to the Ecumenical Temple.
  4995 | D:6      | Reached skill level 6 in Dodging
  5072 | D:6      | Identified the +0 plate armour of Fuapnosh {Int+5 Slay+3}
  6188 | D:7      | Reached skill level 7 in Dodging
  6189 | D:7      | Reached XP level 9. HP: 88/88 MP: 8/8
  6469 | D:7      | Reached skill level 8 in Dodging
  6972 | D:7      | Found a runed translucent door.
  6987 | D:7      | Noticed a cyan ugly thing
  6987 | D:7      | Noticed a troll
  6987 | D:7      | Noticed a manticore
  6988 | D:7      | Noticed a two-headed ogre
  6988 | D:7      | Noticed a green ugly thing
  7001 | D:7      | Mangled by a manticore

Illustrated notes

Levels and vault maps discovered:
D:1:      scummos_arrival_simple_fountains, layout_basic
D:2:      layout_basic, chequers_ecumenical_altar_grove, kennysheep_cross_room,
          kennysheep_generic_room_2, uniq_robin
D:3:      layout_basic, serial_shops, nicolae_diamond_shop, st_stairs_7
D:4:      kennysheep_big_flooded_room, layout_loops_ring,
          nicolae_wu_jian_immortal_techniques, nicolae_ossuary_entry_catacombs,
          kennysheep_generic_room_12
D:5:      layout_basic, grunt_temple_overflow_open, serial_shops, shop
D:6:      layout_gridville, minmay_temple_entry_statues_fountains
D:7:      minmay_the_grid_triangle_9x9_rhombus_thin
          [minmay_the_grid_triangle_9x9_subtriangle,
          minmay_the_grid_triangle_9x9_prize_insulated,
          minmay_the_grid_triangle_9x9_empty,
          minmay_the_grid_triangle_9x9_corrupted_corridor], layout_layer_cave

Skill      XL: |  1  2  3  4  5  6  7  8  9 |
---------------+----------------------------+-----
Maces & Flails | 3 4 5 6 7 |  7.3
Fighting       | 3 4 5 |  5.0
Dodging        | 3 4 7 8 |  8.0

Action                   |  1- 3 |  4- 6 |  7- 9 || total
-------------------------+-------+-------+-------++-------
Melee: Mace              |    84 |   192 |   351 ||   627
       Punch             |       |     3 |     8 ||    11
       Giant club        |       |       |    23 ||    23
       Flail             |       |       |   114 ||   114
Invok: Berserk           |     1 |     3 |     8 ||    12
       Trog's Hand       |       |       |     1 ||     1
Evoke: Wand              |       |     6 |     6 ||    12
  Use: Scroll            |       |     5 |     8 ||    13
       Potion            |       |       |     3 ||     3
 Stab: Sleeping          |     1 |     1 |       ||     2
Armor: Animal skin       |    50 |    61 |   209 ||   320
Dodge: Dodged            |    68 |    78 |   357 ||   503

Table legend: (Time is in decaauts)
 A = Elapsed time spent in this place.
 B = Non-inter-level travel time spent in this place.
 C = Inter-level travel time spent in this place.
 D = Time resting spent in this place.
 E = Time spent auto-exploring this place.
 F = Levels seen in this place.
 G = Mean time per level.
                   A        B        C        D        E       F      G
               +--------+--------+--------+--------+--------+-----+--------+
         Total |   7156 |   6699 |    457 |    879 |   4041 |   8 |  894.5 |
       Dungeon |   6822 |   6365 |    457 |    879 |   3932 |   7 |  974.6 |
       Ossuary |    334 |    334 |      0 |      0 |    108 |   1 |  334.0 |
               +--------+--------+--------+--------+--------+-----+--------+

Top non-repeatable levels by time:
     D:6: 1403 daAuts
     D:7: 1082 daAuts
     D:4: 1078 daAuts
     D:5: 961 daAuts
     D:3: 886 daAuts
     D:2: 751 daAuts
     D:1: 659 daAuts
 Ossuary: 334 daAuts
